 Dungeon Crawl Stone Soup version 0.22.1-1-ga44c0e5 (webtiles) character file.

2364 tifemel the Fighter (level 9, -3/90 HPs)
             Began as a Minotaur Fighter on Oct 12, 2018.
             Slain by a two-headed ogre
             ... wielding a +0 giant club
              (25 damage)
             ... on level 7 of the Dungeon.
             The game lasted 00:17:35 (7318 turns).

tifemel the Fighter (Minotaur Fighter)              Turns: 7318, Time: 00:17:36

Health: -3/90      AC: 12    Str: 23    XL:     9   Next: 21%
Magic:  8/8        EV:  8    Int:  6    God:
Gold:   296        SH:  0    Dex: 10    Spells: 8/8 levels left

rFire    . . .     SeeInvis .   a - +0 war axe
rCold    . . .     Gourm    .   (no shield)
rNeg     . . .     Faith    .   M - +0 chain mail
rPois    .         Spirit   .   (helmet restricted)
rElec    .         Reflect  .   m - +0 cloak (curse)
rCorr    .         Harm     .   A - +0 pair of gloves (curse)
MR       .....                  u - +0 pair of boots
Stlth    ..........             (no amulet)
HPRegen  0.25/turn              (no ring)
MPRegen  0.11/turn              (no ring)

@: studying Fighting
A: retaliatory headbutt, horns 2
a: no special abilities


You were on level 7 of the Dungeon.
You were not hungry.

You visited 2 branches of the dungeon, and saw 8 of its levels.
You also visited: Sewer.

You collected 296 gold pieces.

Inventory:

Hand Weapons
 a - a +0 war axe (weapon)
 F - a +0 shortbow of freezing
 L - a +0 battleaxe
Missiles
 i - 147 arrows
Armour
 b - a +0 scale mail
 m - a cursed +0 cloak (worn)
 p - a +0 ring mail
 u - a +0 pair of boots (worn)
 y - a +0 troll leather armour {Purgy}
 A - a cursed +0 pair of gloves (worn)
 M - a +0 chain mail (worn)
Magical Staves
 K - an uncursed staff of fire {unknown}
Wands
 x - a wand of acid (9)
Scrolls
 c - 2 scrolls of blinking
 g - a scroll of amnesia {unknown}
 h - a scroll of immolation {unknown}
 j - 8 scrolls of identify
 k - 2 scrolls of random uselessness {unknown}
 l - 2 scrolls of enchant weapon
 o - 8 scrolls of fear
 s - a scroll of teleportation {unknown}
 w - a scroll of remove curse {unknown}
 G - a scroll of holy word {unknown}
 H - a scroll of brand weapon {unknown}
Potions
 d - 3 potions of might
 e - 2 potions of berserk rage {unknown}
 n - a potion of mutation {unknown}
 q - 3 potions of haste
 r - a potion of lignification {unknown}
 t - 2 potions of curing
 v - a potion of magic {unknown}
 z - a potion of invisibility {unknown}
 B - a potion of cancellation {unknown}
 C - a potion of heal wounds {unknown}
 D - a potion of flight {unknown}
 E - a potion of ambrosia {unknown}
 I - a potion of resistance {unknown}
Books
 J - a manual of Fighting
Comestibles
 f - 7 rations


   Skills:
 + Level 12.0 Fighting
 + Level 10.6 Axes
 - Level 3.6 Armour
   Level 3.6 Shields


You had 8 spell levels left.
You didn't know any spells.
Your spell library contained the following spells:

 Spells                   Type           Power        Failure   Level  Hunger
 Animate Skeleton         Necr           N/A          98%         1    ##.....
 Apportation              Tloc           #.....       98%         1    ##.....
 Beastly Appendage        Tmut           #.....       98%         1    ##.....
 Confusing Touch          Hex            #.....       98%         1    ##.....
 Summon Small Mammal      Summ           #...         98%         1    ##.....
 Sticks to Snakes         Tmut           #.......     99%         2    ###....
 Spider Form              Tmut/Pois      #.........   100%        3    ####...
 Ice Form                 Ice/Tmut       #.......     100%        4    #####..
 Blade Hands              Tmut           #.........   100%        5    ######.


Dungeon Overview and Level Annotations

Branches:
Dungeon (7/15)             Temple (1/1) D:7

Altars:
Dithmenos
Elyvilon
Fedhas
Makhleb
Nemelex Xobeh
Qazlal
Trog
Uskayaw
Vehumet
Xom
Yredelemnul
Zin

Annotations:
D:6 1 runed door


Innate Abilities, Weirdness & Mutations

You reflexively headbutt those who attack you in melee.
You have a pair of horns on your head.


Message History

The two-headed ogre is moderately wounded.
You barely miss the two-headed ogre.
The two-headed ogre is moderately wounded.
The two-headed ogre hits you but does no damage.
The two-headed ogre hits you with a dire flail.
You hit the two-headed ogre but do no damage.
You headbutt the two-headed ogre.
The two-headed ogre is moderately wounded.
The two-headed ogre hits you with a giant club!
The two-headed ogre hits you with a dire flail!
You hit the two-headed ogre but do no damage.
The two-headed ogre is moderately wounded.
The two-headed ogre hits you with a giant club!!
* * * LOW HITPOINT WARNING * * *
The two-headed ogre barely misses you.
You hit the two-headed ogre but do no damage.
You headbutt the two-headed ogre.
The two-headed ogre is heavily wounded.
The two-headed ogre hits you with a giant club!!
You die...

#. #.# ##### #
#.###...########..
#.##..............
#.......####......
#.###..#.#.##
#.#####
#.......^#.# #.#
#####.<###.##
##)####.
#.@......#
#)......
#.O####.##
#..####. #..# ###
#..# #..# #..#
#..#########..#
#......O......#
#...#########.#
#...# #.# ....#
#.#


You could see a two-headed ogre.

Vanquished Creatures
  A hippogriff (D:7)
  A yak (D:6)
  Purgy (Sewer)
  A phantom (D:6)
  2 black bears (D:6)
  2 centaurs
  2 bullfrogs
  2 scorpions
  A killer bee (D:6)
  5 wights (D:6)
  A howler monkey (D:5)
  2 crimson imps
  4 orc wizards
  A bullfrog skeleton (D:6)
  2 orc priests
  2 centaur skeletons (D:6)
  3 hounds
  2 iguanas
  9 worker ants
  A howler monkey zombie (D:5)
  6 gnolls
  9 adders
  3 shadow imps
  3 oozes
  3 adder zombies
  3 worms
  A dart slug (D:1)
  2 leopard geckos (D:1)
  15 orcs
  A ball python (D:3)
  6 bats
  16 giant cockroaches
  7 goblins
  4 hobgoblins
  18 jackals
  5 quokkas
  5 frilled lizards
  5 kobolds
  8 rats
165 creatures vanquished.

Notes
Turn   | Place    | Note
-------+----------+-------------------------------------------
     0 | D:1      | tifemel the Minotaur Fighter began the quest for the Orb.
     0 | D:1      | Reached XP level 1. HP: 19/19 MP: 0/0
   103 | D:1      | Reached skill level 4 in Fighting
   103 | D:1      | Reached XP level 2. HP: 27/27 MP: 1/1
   541 | D:1      | Reached XP level 3. HP: 33/34 MP: 2/2
  1274 | D:2      | You fall through a shaft!
  1301 | D:3      | Reached XP level 4. HP: 24/41 MP: 3/3
  1307 | D:2      | Reached skill level 5 in Fighting
  1779 | D:3      | Reached XP level 5. HP: 30/48 MP: 4/4
  2119 | D:3      | Reached skill level 5 in Axes
  2532 | D:4      | Found a glowing drain.
  2556 | Sewer    | Entered a sewer
  2561 | Sewer    | Reached skill level 6 in Fighting
  2581 | Sewer    | Noticed Purgy
  2589 | Sewer    | Killed Purgy
  2589 | Sewer    | Reached XP level 6. HP: 50/58 MP: 5/5
  2832 | D:4      | Found a shimmering altar of Xom.
  3478 | D:5      | Entered Level 5 of the Dungeon
  3682 | D:5      | Reached skill level 7 in Fighting
  3720 | D:5      | Reached XP level 7. HP: 44/66 MP: 6/6
  4057 | D:5      | Found a glowing silver altar of Zin.
  4693 | D:6      | Found a runed door.
  4749 | D:6      | Reached skill level 8 in Fighting
  5149 | D:6      | Reached XP level 8. HP: 64/75 MP: 7/7
  5185 | D:6      | Reached skill level 9 in Fighting
  5432 | D:6      | Found a runed door.
  5680 | D:6      | Reached skill level 10 in Fighting
  6066 | D:6      | Reached skill level 10 in Axes
  6068 | D:6      | Reached skill level 11 in Fighting
  6107 | D:7      | Noticed a hippogriff
  6119 | D:7      | Killed a hippogriff
  6119 | D:7      | Reached XP level 9. HP: 25/89 MP: 8/8
  6643 | D:7      | Found a staircase to the Ecumenical Temple.
  6666 | Temple   | Entered the Ecumenical Temple
  6925 | D:7      | Reached skill level 12 in Fighting
  6925 | D:7      | Noticed a two-headed ogre
  6967 | D:7      | HP: 4/90 [two-headed ogre/giant club (19)]
  7318 | D:7      | Slain by a two-headed ogre

Skill      XL: |  1  2  3  4  5  6  7  8  9 |
---------------+----------------------------+-----
Fighting       | 4 5 6 7 8 11 12 | 12.0
Axes           | 3 4 5 6 8 10 | 10.6
Armour         | |  3.6
Shields        | |  3.6

Action                   |  1- 3 |  4- 6 |  7- 9 || total
-------------------------+-------+-------+-------++-------
Melee: War axe           |    83 |   116 |   199 ||   398
       Headbutt          |    12 |    16 |    36 ||    64
  Use: Scroll            |       |     6 |     1 ||     7
  Eat: Chunk             |     1 |     8 |     6 ||    15
       Ration            |       |       |     2 ||     2
Armor: Scale mail        |    32 |       |       ||    32
       Ring mail         |    17 |    69 |    82 ||   168
       Chain mail        |       |       |     4 ||     4
Dodge: Dodged            |    40 |    80 |    92 ||   212
